 Dungeon Crawl Stone Soup version 0.29.1-13-g9f3cf754e1 (webtiles) character file.

Game seed: 18029816404273996794

306 GigaChad the Covered (level 6, -9/53 HPs)
             Began as a Minotaur Fighter on Jan 27, 2023.
             Was a Believer of Yredelemnul.
             Killed by nerve-wracking pain
             ... invoked by an orc priest
              (14 damage)
             ... on level 4 of the Dungeon.
             The game lasted 00:08:35 (3723 turns).

GigaChad the Covered (Minotaur Fighter)             Turns: 3723, Time: 00:08:36

Health: -9/53      AC: 11    Str: 22    XL:     6   Next: 16%
Magic:  5/5        EV:  7    Int:  5    God:    Yredelemnul [**....]
Gold:   219        SH:  4    Dex: 10    Spells: 5/5 levels left

rFire   . . .      SeeInvis .   a - +0 war axe
rCold   . . .      Faith    .   c - +0 buckler
rNeg    . . .      Spirit   .   h - +0 chain mail
rPois   .          Reflect  .   (helmet restricted)
rElec   .          Harm     .   n - +0 cloak
rCorr   .          Rampage  .   (no gloves)
Will    .....                   (no boots)
Stlth   ..........              (no amulet)
HPRegen 0.17/turn               (no ring)
MPRegen 0.09/turn               (no ring)

@: no status effects
A: horns 2, retaliatory headbutt
a: Renounce Religion, Recall Undead Harvest, Dark Bargain


You were on level 4 of the Dungeon.
You worshipped Yredelemnul.
Yredelemnul was noncommittal.
You visited 1 branch of the dungeon, and saw 4 of its levels.

You collected 219 gold pieces.

Inventory:

Hand Weapons
 a - a +0 war axe (weapon)
Missiles
 p - a throwing net (quivered)
Armour
 b - a +0 scale mail
 c - a +0 buckler (worn)
 h - a +0 chain mail (worn)
 n - a +0 cloak (worn)
Jewellery
 i - a ring of resist corrosion
 w - an amulet of guardian spirit
 B - a ring of protection from cold
Wands
 y - a wand of digging (8)
Scrolls
 e - 4 scrolls of teleportation {unknown}
 f - a scroll of magic mapping {unknown}
 q - 3 scrolls of identify {unknown}
 s - a scroll of enchant weapon {unknown}
 t - a scroll of vulnerability {unknown}
 A - a scroll of immolation {unknown}
Potions
 d - a potion of might
 g - a potion of cancellation {unknown}
 j - a potion of curing {unknown}
 k - 3 potions of ambrosia {unknown}
 l - a potion of lignification {unknown}
 m - 2 potions of flight {unknown}
 o - a potion of attraction {unknown}
 r - 2 potions of mutation {unknown}
 u - a potion of haste {unknown}
 v - a potion of degeneration {unknown}
 x - a potion of berserk rage {unknown}
 z - a potion of brilliance {unknown}


   Skills:
 + Level 4.4 Fighting
 + Level 4.9 Axes
 + Level 5.8 Armour
 + Level 0.4 Dodging
 + Level 4.6 Shields


You had 5 spell levels left.
You didn't know any spells.
Your spell library contained the following spells:

 Spells                   Type           Power      Damage    Failure   Level
 Inner Flame              Hex/Fire       0%         N/A       100%        3
 Cause Fear               Hex            0%         N/A       100%        4
 Discord                  Hex            0%         N/A       100%        8


Dungeon Overview and Level Annotations

Branches:
Dungeon (4/15)
 Temple: D:4-7

Altars:
Yredelemnul

Shops:
D:3 :

Annotations:
D:4 1 transporter


Innate Abilities, Weirdness & Mutations

You have a pair of horns on your head.
You reflexively headbutt those who attack you in melee.


Message History

Your scorpion zombie barely misses the orc priest.
You swap places.
The orc priest mumbles some strange prayers to Beogh against you.
Beogh smites you!
Your scorpion zombie hits the orc priest but does no damage.
You swap places.
The orc priest hits your orc zombie with a +0 whip.
The orc priest closely misses your scorpion zombie.
Your orc zombie closely misses the orc priest.
Your scorpion zombie barely misses the orc priest.
You swap places.
The orc priest hits your orc zombie with a +0 whip.
Your orc zombie is destroyed!
The orc priest miscasts a cantrip.
Your scorpion zombie closely misses the orc priest.
You swap places.
The orc priest hits your scorpion zombie with a +0 mace.
Your scorpion zombie closely misses the orc priest.
You swap places.
The orc priest hits your scorpion zombie with a +0 mace.
The orc priest hits your scorpion zombie with a +0 whip.
Your scorpion zombie barely misses the orc priest.
You swap places.
The orc priest invokes the aid of Beogh against you.
Beogh smites you!
* * * LOW HITPOINT WARNING * * *
The orc priest hits you but does no damage.
There is an open door here.
You barely miss the orc priest.
You hit the orc priest but do no damage.
The orc priest hits you with a +0 whip.
* * * LOW HITPOINT WARNING * * *
The orc priest barely misses you. The orc priest hits you with a +0 mace!
* * * LOW HITPOINT WARNING * * *
The orc priest looks braver for a moment.
You hit the orc priest but do no damage. x2
The orc priest mumbles some strange prayers to Beogh against you.
Pain shoots through your body!
You die...
Your body rises from the dead as a mindless zombie.

##.##.##.# ...#.......##
#.#..##.#
...#©.......###.......##
...#........+...).......
#..#........####ZZZ#####
.#.......# ###ZZ####
.....<# #..Z....# #.oo#
#.##Z##.# #@# #. #.##.#
#Z# # #....# #Z# ###Z.#
##Z## #.####Z.# ##ZZZ##
#.......# ####.ZZZ.#
######.##
#...#.ZZ###########.#
####...##Z###.ZZ.......#
..........Z.ZZ##########


You could see 2 orc priests, a friendly scorpion zombie, a friendly goblin
zombie, 5 friendly hobgoblin zombies, a friendly gnoll zombie, 2 friendly kobold
zombies and 2 friendly orc zombies.

Vanquished Creatures
  A scorpion (D:4)
  A hound (D:4)
  3 gnolls (D:4)
  5 adders
  A worm (D:2)
  6 dart slugs
  15 orcs
  8 ball pythons
  8 endoplasms
  A giant cockroach (D:2)
  10 goblins
  14 hobgoblins
  11 kobolds
  4 quokkas
  8 bats
  2 frilled lizards
  6 rats
104 creatures vanquished.

Vanquished Creatures (collateral kills)
  2 orcs
  2 ball pythons
  A goblin (D:4)
  A hobgoblin (D:2)
  A frilled lizard (D:1)
  A rat (D:3)
8 creatures vanquished.

Vanquished Creatures (others)
  An adder zombie (D:3)
  A bat zombie (D:3)
  2 goblin zombies (D:4)
  A hobgoblin zombie (D:4)
  An orc zombie (D:4)
  A quokka zombie (D:2)
  A rat zombie (D:3)
8 creatures vanquished.

Grand Total: 120 creatures vanquished

Notes
Turn   | Place    | Note
-------+----------+-------------------------------------------
     0 | D:1      | GigaChad the Minotaur Fighter began the quest for the Orb.
     0 | D:1      | Reached XP level 1. HP: 19/19 MP: 0/0
   177 | D:1      | Reached XP level 2. HP: 27/27 MP: 1/1
   600 | D:1      | Reached skill level 4 in Armour
   649 | D:1      | Found a faded altar of an unknown god.
   664 | D:1      | Reached XP level 3. HP: 32/33 MP: 2/2
   669 | D:1      | Prayed at the altar of an unknown god.
   669 | D:1      | Became a worshipper of Yredelemnul the Dark
   669 | D:1      | Reached * piety under Yredelemnul
  1920 | D:3      | Reached XP level 4. HP: 40/40 MP: 3/3
  2234 | D:3      | Found Zirayt's Book Shop.
  2290 | D:3      | Reached ** piety under Yredelemnul
  2632 | D:4      | Reached XP level 5. HP: 46/46 MP: 4/4
  2947 | D:4      | Reached skill level 5 in Armour
  3173 | D:4      | Reached *** piety under Yredelemnul
  3657 | D:4      | Reached XP level 6. HP: 47/53 MP: 5/5
  3711 | D:4      | Found a transporter.
  3723 | D:4      | Killed from afar by an orc priest

Illustrated notes

Levels and vault maps discovered:
D:1:      arrival_zaba_pyramid, layout_basic, ebering_ecumenical_altar_webs,
          minmay_hexomino_p4
D:2:      layout_basic
D:3:      layout_basic, serial_shops, nicolae_shop_stone
D:4:      corexii_shantytown, layout_loops_corners, gammafunk_temple_of_torment,
          enter_ossuary_4

Skill      XL: |  1  2  3  4  5 |
---------------+----------------+-----
Shields        | 4 |  4.6
Armour         | 4 5 |  5.8
Fighting       | 4 |  4.4
Axes           | 3 4 |  4.9
Dodging        | |  0.4

Action                   |  1- 3 |  4- 6 || total
-------------------------+-------+-------++-------
Melee: War axe           |    67 |   110 ||   177
       Headbutt          |     7 |    19 ||    26
Armor: Scale mail        |    36 |       ||    36
       Chain mail        |    23 |    58 ||    81
Dodge: Dodged            |    65 |    35 ||   100
Block: Buckler           |    27 |    25 ||    52
